cohdb
Replays
Latest Replays
All Replays
Popular Replays
Top Player Replays
Match Explorer
How It Works
Community
CoH3 Stats
Reddit
Sign in to upload your games and track your stats! →
Sign in with Steam
Match 44504484
Unlisted
Match 44504484
Overview
Messages
Build Orders
End
Construct Section Command Post
Dingo Light Scout Car
Infantry Section
Infantry Section
Infantry Section
Construct Platoon Command Post
Selects Indian Artillery Battlegroup
Selects Valour
Selects Towed ML 4.2-inch Heavy Mortar
Humber Armored Car
6-pounder Anti-tank Gun Team
Selects Valour
PlumApollo
Legionary
nierenbrei
Pablo12GR
0
0
Comments
sign in to comment!
No comments posted yet!